 Dungeon Crawl Stone Soup version 0.28-a0-29-g0adfcbbeba (webtiles) character file.

Game seed: 16658901553964240457

280 MirrMurr the Thrower (level 6, -2/48 (50) HPs)
             Began as a Gnoll Hunter on July 27, 2021.
             Succumbed to a water moccasin's poison
             ... on level 4 of the Dungeon.
             The game lasted 00:11:39 (4084 turns).

MirrMurr the Thrower (Gnoll Hunter)                 Turns: 4084, Time: 00:11:39

HP:   -2/48 (50)    AC:  8    Str: 11    XL:     6   Next: 27%
MP:   8/8           EV: 13    Int: 13    God:
Gold: 193           SH:  0    Dex: 12    Spells: 8/8 levels left

rFire   . . .      SeeInvis .   a - +0 short sword
rCold   . . .      Faith    .   (no shield)
rNeg    . . .      Spirit   .   r - +0 steam dragon scales
rPois   .          Reflect  .   (no helmet)
rElec   .          Harm     .   (no cloak)
rCorr   .          Rampage  .   (no gloves)
Will    .....                   n - +2 pair of boots
Stlth   ++........              (no amulet)
HPRegen 0.16/turn               (no ring)
MPRegen 0.11/turn               (no ring)

@: lethally poisoned (-2 -> -33), lightly drained
A: fangs 1, strong nose, distributed training
a: no special abilities


You were on level 4 of the Dungeon.
You visited 1 branch of the dungeon, and saw 5 of its levels.

You collected 193 gold pieces.

Inventory:

Hand Weapons
 a - a +0 short sword (weapon)
 b - a +1 hunting sling
 d - a +0 club
Missiles
 e - 21 sling bullets
 g - 5 poisoned darts
 i - 24 stones (quivered)
Armour
 n - a +2 pair of boots (worn)
 r - +0 steam dragon scales (worn)
Jewellery
 o - a ring of ice
Wands
 m - a wand of iceblast (12)
Scrolls
 f - a scroll of enchant weapon
 k - a scroll of blinking {unknown}
 l - a scroll of teleportation
 p - a scroll of enchant armour
 q - 3 scrolls of magic mapping
Potions
 h - a potion of brilliance
 j - a potion of resistance {unknown}
 s - a potion of curing
 t - a potion of cancellation
 u - 2 potions of magic {unknown}
 v - a potion of haste {unknown}


   Skills:
 + Level 4.9 Fighting
 + Level 1.9 Short Blades
 + Level 1.9 Long Blades
 + Level 1.9 Axes
 + Level 1.9 Maces & Flails
 + Level 1.9 Polearms
 + Level 1.9 Staves
 + Level 1.9 Slings
 + Level 1.9 Bows
 + Level 1.9 Crossbows
 + Level 8.7 Throwing
 + Level 1.9 Armour
 + Level 4.9 Dodging
 + Level 3.0 Stealth
 + Level 1.9 Shields
 + Level 1.9 Unarmed Combat
 + Level 1.9 Spellcasting
 + Level 1.5 Conjurations
 + Level 1.5 Hexes
 + Level 1.5 Summonings
 + Level 1.5 Necromancy
 + Level 1.5 Translocations
 + Level 1.5 Transmutations
 + Level 1.5 Fire Magic
 + Level 1.5 Ice Magic
 + Level 1.5 Air Magic
 + Level 1.5 Earth Magic
 + Level 1.5 Poison Magic
 + Level 2.1 Invocations
 + Level 1.9 Evocations


You had 8 spell levels left.
You didn't know any spells.
Your spell library contained the following spells:

 Spells                   Type           Power      Damage    Failure   Level
 Blink                    Tloc           N/A        N/A       22%         2
 Corpse Rot               Necr/Air       N/A        N/A       22%         2
 Poisonous Vapours        Pois/Air       10%        N/A       22%         2
 Animate Armour           Summ/Erth      10%        N/A       80%         4
 Blade Hands              Tmut           2%         N/A       98%         5
 Freezing Cloud           Conj/Ice/Air   2%         6-21      98%         5
 Manifold Assault         Tloc           5%         N/A       98%         5
 Conjure Ball Lightning   Conj/Air       2%         3x3d6     100%        6
 Iron Shot                Conj/Erth      2%         9d2       100%        6
 Storm Form               Tmut/Air       2%         N/A       100%        7
 Discord                  Hex            2%         N/A       100%        8
 Disjunction              Tloc           2%         N/A       100%        8


Dungeon Overview and Level Annotations

Branches:
Dungeon (5/15)
 Temple: D:4-7

Altars:
Ashenzari

Shops:
D:3 **(:

Annotations:
D:2 come back!, Sigmund
D:3 hatch + come back, Terence
D:5 Eustachio


Innate Abilities, Weirdness & Mutations

You have very sharp teeth.
Your uncanny sense of smell can sniff out nearby items.
Your experience applies equally to all skills.


Message History

Throw: 7 darts (poison)
Press: ? - help, Shift-Dir - straight line, f/p - water moccasin
Aim: a water moccasin (almost dead, 48% to hit)
You throw a poisoned dart.
The poisoned dart hits the water moccasin.
The water moccasin is almost dead.
The water moccasin completely misses you.
(D) Dungeon
Where to? (Enter - D:4 @ (x,y), ? - help)
Okay, then.
Unknown command.
Throw: 6 darts (poison)
Press: ? - help, Shift-Dir - straight line, f/p - water moccasin
Aim: a water moccasin (almost dead, 48% to hit)
You throw a poisoned dart.
The poisoned dart hits the water moccasin.
The water moccasin is almost dead.
The water moccasin bites you.
* * * LOW HITPOINT WARNING * * *
a - a +0 short sword (weapon)
The water moccasin misses you.
You miss the water moccasin.
You bite the water moccasin, but do no damage.
The water moccasin is almost dead.
The water moccasin bites you but does no damage.
You hit the water moccasin but do no damage.
The water moccasin is severely wounded.
The water moccasin bites you but does no damage.
You miss the water moccasin. Your bite misses the water moccasin.
The water moccasin is severely wounded.
The water moccasin bites you.
* * * LOW HITPOINT WARNING * * *
You are lethally poisoned!
The water moccasin poisons you! The water moccasin bites you.
* * * LOW HITPOINT WARNING * * *
You are more poisoned.
The water moccasin poisons you!
You hit the water moccasin.
The water moccasin is almost dead.
You die...

#..# #..# #..# #..#
######..##########
#................#
#.####..########.#
#.# #...# #S#
#.###.#.# #@#
...##.#.## #.#
.#.......# ####.#
...##.#..# ##....##
.........###......##
#.##.###...........#
#.##.# #.#..[#..#..#
..##.# #.##..####..#
####.# #.##[.####..#


You could see a water moccasin.

Vanquished Creatures
  A steam dragon (D:4)
  An ogre (D:5)
  A gnoll (D:1)
  An adder (D:2)
  2 dart slugs
  An orc (D:4)
  9 ball pythons
  2 bats
  2 endoplasms (D:1)
  3 giant cockroaches
  4 goblins
  7 hobgoblins
  2 jackals (D:5)
  7 kobolds
  2 quokkas
  6 frilled lizards
  4 rats
55 creatures vanquished.

Notes
Turn   | Place    | Note
-------+----------+-------------------------------------------
     0 | D:1      | MirrMurr the Gnoll Hunter began the quest for the Orb.
     0 | D:1      | Reached XP level 1. HP: 20/20 MP: 1/1
   180 | D:1      | Reached XP level 2. HP: 24/26 MP: 2/2
   916 | D:1      | Reached XP level 3. HP: 28/31 MP: 2/4
  1020 | D:2      | Noticed Sigmund
  1066 | D:2      | Reached skill level 1 in Invocations
  1474 | D:2      | Found a broken altar of Ashenzari.
  1511 | D:2      | Reached skill level 1 in Short Blades
  1511 | D:2      | Reached skill level 1 in Long Blades
  1511 | D:2      | Reached skill level 1 in Axes
  1511 | D:2      | Reached skill level 1 in Maces & Flails
  1511 | D:2      | Reached skill level 1 in Polearms
  1511 | D:2      | Reached skill level 1 in Staves
  1511 | D:2      | Reached skill level 1 in Slings
  1511 | D:2      | Reached skill level 1 in Bows
  1511 | D:2      | Reached skill level 1 in Crossbows
  1511 | D:2      | Reached skill level 1 in Armour
  1511 | D:2      | Reached skill level 1 in Shields
  1511 | D:2      | Reached skill level 1 in Unarmed Combat
  1511 | D:2      | Reached skill level 1 in Spellcasting
  1511 | D:2      | Reached skill level 1 in Evocations
  1722 | D:3      | Reached XP level 4. HP: 38/38 MP: 5/5
  1963 | D:2      | Found a faded altar of an unknown god.
  2330 | D:3      | Noticed Terence
  2376 | D:3      | Found Yseunami's Book Emporium.
  2489 | D:3      | Found Tokk's Assorted Antiques.
  2706 | D:3      | Found Gaofeske's General Store.
  2780 | D:3      | Found Vichayle's Weapon Boutique.
  3312 | D:4      | Noticed a steam dragon
  3319 | D:4      | Killed a steam dragon
  3320 | D:4      | Reached skill level 1 in Conjurations
  3320 | D:4      | Reached skill level 1 in Hexes
  3320 | D:4      | Reached skill level 1 in Summonings
  3320 | D:4      | Reached skill level 1 in Necromancy
  3320 | D:4      | Reached skill level 1 in Translocations
  3320 | D:4      | Reached skill level 1 in Transmutations
  3320 | D:4      | Reached skill level 1 in Fire Magic
  3320 | D:4      | Reached skill level 1 in Ice Magic
  3320 | D:4      | Reached skill level 1 in Air Magic
  3320 | D:4      | Reached skill level 1 in Earth Magic
  3320 | D:4      | Reached skill level 1 in Poison Magic
  3320 | D:4      | Reached XP level 5. HP: 23/43 MP: 5/7
  3969 | D:5      | Entered Level 5 of the Dungeon
  4000 | D:5      | Noticed Eustachio
  4000 | D:5      | Noticed an ice beast
  4057 | D:5      | Noticed an ogre
  4062 | D:5      | Noticed a water moccasin
  4063 | D:5      | Killed an ogre
  4064 | D:5      | Reached XP level 6. HP: 50/50 MP: 8/8
  4084 | D:4      | Succumbed to a water moccasin's poison

Illustrated notes

Levels and vault maps discovered:
D:1:      tarquinn_simple_flora_water_f, layout_loops_ring, minivault_25
D:2:      layout_basic, ebering_ecumenical_altar_webs, basic_altar,
          chequers_jeans, uniq_sigmund
D:3:      layout_loops_corners, serial_shops, nicolae_square_shop, shop, shop,
          shop_statue, amcnicky_mini_corridor_feature, uniq_terence
D:4:      layout_loops_ring, hangedman_decor_growths
D:5:      layout_cave_pools, mainiacjoe_overflow_brackets,
          uniq_crazy_yiuf_cottage, uniq_eustachio

Skill      XL: |  1  2  3  4  5 |
---------------+----------------+-----
Invocations    | 1 2 |  2.1
Short Blades   | 1 |  1.9
Long Blades    | 1 |  1.9
Axes           | 1 |  1.9
Maces & Flails | 1 |  1.9
Polearms       | 1 |  1.9
Staves         | 1 |  1.9
Slings         | 1 |  1.9
Bows           | 1 |  1.9
Crossbows      | 1 |  1.9
Armour         | 1 |  1.9
Shields        | 1 |  1.9
Unarmed Combat | 1 |  1.9
Spellcasting   | 1 |  1.9
Evocations     | 1 |  1.9
Conjurations   | 1 |  1.5
Hexes          | 1 |  1.5
Summonings     | 1 |  1.5
Necromancy     | 1 |  1.5
Translocations | 1 |  1.5
Transmutations | 1 |  1.5
Fire Magic     | 1 |  1.5
Ice Magic      | 1 |  1.5
Air Magic      | 1 |  1.5
Earth Magic    | 1 |  1.5
Poison Magic   | 1 |  1.5
Stealth        | 3 |  3.0
Fighting       | |  4.9
Throwing       | |  8.7
Dodging        | |  4.9

Action                   |  1- 3 |  4- 6 || total
-------------------------+-------+-------++-------
Melee: Short sword       |    96 |    16 ||   112
       Bite              |    11 |     1 ||    12
       Punch             |     1 |       ||     1
 Fire: Hunting sling     |     9 |    60 ||    69
Throw: Javelin           |     3 |    10 ||    13
       Throwing net      |     2 |       ||     2
       Dart              |       |     2 ||     2
  Use: Scroll            |       |    11 ||    11
 Stab: Sleeping          |     4 |     1 ||     5
Armor: Leather armour    |    14 |     4 ||    18
       Steam dragon scal |       |    14 ||    14
Dodge: Dodged            |    55 |    28 ||    83

Table legend: (Time is in decaauts)
 A = Elapsed time spent in this place.
 B = Non-inter-level travel time spent in this place.
 C = Inter-level travel time spent in this place.
 D = Time resting spent in this place.
 E = Time spent auto-exploring this place.
 F = Levels seen in this place.
 G = Mean time per level.
                   A        B        C        D        E       F      G
               +--------+--------+--------+--------+--------+-----+--------+
         Total |   4103 |   3781 |    322 |    293 |   2842 |   5 |  820.6 |
       Dungeon |   4103 |   3781 |    322 |    293 |   2842 |   5 |  820.6 |
               +--------+--------+--------+--------+--------+-----+--------+

Top non-repeatable levels by time:
     D:1: 1309 daAuts
     D:3: 1183 daAuts
     D:4: 854 daAuts
     D:2: 730 daAuts
     D:5: 26 daAuts
